[ AOE2 MATCH · #505431380 ]
UnrankedBulgarians vs Spanish
Player's team · LOSS
Rival team · WIN
[ REPLAY ANALYSIS · EXTRACTED FROM THE RECORDED GAME ]
Feudal
9:50
Castle
21:36
Imperial
33:31
| APM avg | 29.3 |
| APM peak | 57 |
| eAPM avg | 14.7 |
| Villagers / military | 107 / 55 |
Focus
⚔️ 27.0% · 🌾 73.0%
Scorpion ×28 · Monk ×7 · Spearman ×7 · Scout Cavalry ×7 · Trebuchet (Packed) ×4 · Militia ×2
Feudal
11:23
Castle
19:13
Imperial
32:56
| APM avg | 49.1 |
| APM peak | 96 |
| eAPM avg | 27.1 |
| Villagers / military | 192 / 78 |
Focus
⚔️ 19.7% · 🌾 80.3%
Knight ×45 · Conquistador ×23 · Trebuchet (Packed) ×4 · Monk ×3 · Petard ×3
Match map
Initial resources + every placement click. Lines = walls · curves = elevation contours. ◆ gold · ⬟ stone · ● berries · ✦ relic · ◌ wall gap
Your base· ✓ Closed at 21:36 · 7t walls · 2 gate(s)
whosyourmama's base· ✓ Closed at 19:13 · 20t walls · 7 gate(s)
Smoothed initial terrain · ◌ = detected wall gap · hover for details
Inputs per minute
— [TM] Goblin Wizard Bolton - - whosyourmama
Build order — [TM] Goblin Wizard Bolton
First 150 of 273 actions detected
| 0:01 | Queue | Villager (Male) |
| 0:01 | Queue | Villager (Male) |
| 0:01 | Queue | Villager (Male) |
| 0:03 | Build | House |
| 0:04 | Build | House |
| 0:08 | Queue | Villager (Male) |
| 0:08 | Queue | Villager (Male) |
| 1:26 | Queue | Villager (Male) |
| 1:27 | Queue | Villager (Male) |
| 1:57 | Build | Lumber Camp |
| 2:00 | Queue | Villager (Male) |
| 2:17 | Queue | Villager (Male) |
| 2:46 | Build | House |
| 2:47 | Build | House |
| 2:50 | Queue | Villager (Male) |
| 2:51 | Queue | Villager (Male) |
| 3:02 | Queue | Villager (Male) |
| 3:51 | Queue | Villager (Male) |
| 4:00 | Queue | Villager (Male) |
| 4:34 | Queue | Villager (Male) |
| 4:44 | Build | Mining Camp |
| 5:08 | Queue | Villager (Male) |
| 5:08 | Queue | Villager (Male) |
| 5:58 | Queue | Villager (Male) |
| 6:09 | Build | Mill |
| 6:25 | Queue | Villager (Male) |
| 6:27 | Queue | Villager (Male) |
| 6:27 | Research | Loom |
| 7:37 | Research | Feudal Age |
| 8:37 | Build | Barracks |
| 8:47 | Queue | Villager (Male) |
| 9:18 | Build | House |
| 9:33 | Queue | Militia |
| 9:33 | Queue | Militia |
| 9:50 | Age | Feudal Age |
| 9:59 | Build | Watch Tower |
| 10:08 | Queue | Villager (Male) |
| 10:50 | Queue | Villager (Male) |
| 10:51 | Queue | Villager (Male) |
| 10:59 | Queue | Villager (Male) |
| 11:07 | Queue | Spearman |
| 11:19 | Queue | Villager (Male) |
| 11:19 | Queue | Villager (Male) |
| 11:36 | Queue | Spearman |
| 11:40 | Build | Mill |
| 11:42 | Build | Farm |
| 12:33 | Build | Farm |
| 12:34 | Build | Farm |
| 12:34 | Build | Farm |
| 12:34 | Build | Farm |
| 13:00 | Build | Watch Tower |
| 13:01 | Queue | Villager (Male) |
| 13:01 | Queue | Villager (Male) |
| 13:20 | Build | Stone Wall |
| 13:22 | Build | Stone Wall |
| 13:23 | Build | Stone Wall |
| 13:25 | Build | Stone Wall |
| 13:26 | Build | Stone Wall |
| 13:27 | Build | Stone Wall |
| 13:31 | Research | Town Watch |
| 13:34 | Build | House |
| 13:38 | Queue | Villager (Male) |
| 13:55 | Build | Watch Tower |
| 14:02 | Research | Horse Collar |
| 14:14 | Build | Farm |
| 14:17 | Queue | Villager (Male) |
| 14:38 | Build | Farm |
| 14:41 | Queue | Villager (Male) |
| 14:43 | Research | Double-Bit Axe |
| 15:02 | Queue | Villager (Male) |
| 15:06 | Build | Farm |
| 15:42 | Build | Stone Wall |
| 15:43 | Queue | Villager (Male) |
| 15:43 | Queue | Villager (Male) |
| 15:49 | Build | Farm |
| 16:09 | Build | Mining Camp |
| 16:12 | Research | Wheelbarrow |
| 16:15 | Build | House |
| 16:20 | Build | House |
| 16:22 | Build | Farm |
| 16:27 | Build | Farm |
| 16:32 | Build | Farm |
| 16:48 | Build | Outpost |
| 17:06 | Build | Market |
| 17:10 | Queue | Villager (Male) |
| 17:48 | Queue | Villager (Male) |
| 17:56 | Build | Stable |
| 18:02 | Queue | Villager (Male) |
| 18:08 | Build | House |
| 18:56 | Research | Castle Age |
| 18:58 | Build | House |
| 19:00 | Build | House |
| 19:01 | Queue | Scout Cavalry |
| 19:01 | Queue | Scout Cavalry |
| 19:13 | Build | Outpost |
| 19:21 | Build | Farm |
| 19:23 | Queue | Scout Cavalry |
| 19:23 | Queue | Scout Cavalry |
| 19:57 | Build | House |
| 19:58 | Queue | Villager (Male) |
| 20:01 | Build | Farm |
| 20:06 | Build | Farm |
| 20:09 | Build | House |
| 20:17 | Queue | Scout Cavalry |
| 20:18 | Queue | Scout Cavalry |
| 20:27 | Queue | Villager (Male) |
| 20:27 | Queue | Villager (Male) |
| 20:50 | Build | Outpost |
| 20:53 | Queue | Scout Cavalry |
| 20:56 | Research | Bloodlines |
| 20:56 | Research | Bloodlines |
| 21:03 | Build | Blacksmith |
| 21:05 | Queue | Villager (Male) |
| 21:14 | Queue | Villager (Male) |
| 21:36 | Age | Castle Age |
| 21:43 | Build | Monastery |
| 22:02 | Research | Light Cavalry (upgrade) |
| 22:11 | Research | Scale Barding Armor |
| 22:14 | Build | House |
| 22:15 | Build | House |
| 22:33 | Queue | Monk |
| 22:33 | Queue | Monk |
| 22:38 | Queue | Monk |
| 22:43 | Queue | Villager (Male) |
| 23:22 | Queue | Villager (Male) |
| 23:24 | Research | Stone Mining |
| 23:27 | Research | Gold Mining |
| 23:29 | Build | House |
| 23:44 | Build | Town Center |
| 23:58 | Research | Scale Mail Armor |
| 24:00 | Research | Chain Barding Armor |
| 24:06 | Build | Monastery |
| 24:07 | Queue | Monk |
| 24:09 | Queue | Villager (Male) |
| 24:09 | Queue | Villager (Male) |
| 24:30 | Queue | Villager (Male) |
| 24:42 | Build | Farm |
| 24:43 | Queue | Villager (Male) |
| 24:43 | Queue | Villager (Male) |
| 25:06 | Build | Farm |
| 25:13 | Research | Fervor |
| 25:23 | Queue | Villager (Male) |
| 25:23 | Queue | Villager (Male) |
| 25:24 | Research | Hand Cart |
| 25:54 | Queue | Villager (Male) |
| 25:54 | Queue | Villager (Male) |
| 26:14 | Build | Siege Workshop |
| 26:42 | Queue | Villager (Male) |
| 26:42 | Queue | Villager (Male) |
| 26:54 | Build | Castle |
Build order — whosyourmama
First 150 of 415 actions detected
| 0:01 | Queue | Villager (Male) ×4 |
| 0:01 | Queue | Villager (Male) ×4 |
| 0:02 | Build | House |
| 0:04 | Build | House |
| 1:26 | Queue | Villager (Male) |
| 1:26 | Queue | Villager (Male) |
| 2:08 | Queue | Villager (Male) |
| 2:08 | Queue | Villager (Male) |
| 2:32 | Research | Loom |
| 2:32 | Research | Loom |
| 2:33 | Queue | Villager (Male) |
| 2:33 | Queue | Villager (Male) |
| 2:43 | Queue | Villager (Male) |
| 2:44 | Queue | Villager (Male) |
| 2:57 | Queue | Villager (Male) |
| 2:57 | Queue | Villager (Male) |
| 2:57 | Queue | Villager (Male) |
| 3:31 | Queue | Villager (Male) |
| 3:31 | Queue | Villager (Male) |
| 3:32 | Queue | Villager (Male) |
| 3:49 | Build | House |
| 3:58 | Queue | Villager (Male) |
| 3:58 | Queue | Villager (Male) |
| 4:17 | Build | Lumber Camp |
| 4:31 | Queue | Villager (Male) |
| 4:31 | Queue | Villager (Male) |
| 4:49 | Queue | Villager (Male) |
| 4:49 | Queue | Villager (Male) |
| 5:01 | Queue | Villager (Male) |
| 5:01 | Queue | Villager (Male) |
| 5:04 | Queue | Villager (Male) |
| 5:04 | Queue | Villager (Male) |
| 5:23 | Queue | Villager (Male) |
| 5:23 | Queue | Villager (Male) |
| 5:57 | Build | Mill |
| 6:26 | Queue | Villager (Male) |
| 6:40 | Queue | Villager (Male) |
| 6:40 | Queue | Villager (Male) |
| 6:43 | Build | House |
| 7:17 | Build | Palisade Gate |
| 7:19 | Build | Palisade Gate |
| 7:32 | Build | Palisade Gate |
| 7:38 | Queue | Villager (Male) |
| 7:39 | Build | Palisade Wall |
| 7:42 | Queue | Villager (Male) |
| 7:42 | Queue | Villager (Male) |
| 7:42 | Queue | Villager (Male) |
| 7:52 | Build | House |
| 8:00 | Queue | Villager (Male) |
| 8:04 | Build | Palisade Gate |
| 8:08 | Queue | Villager (Male) |
| 8:08 | Queue | Villager (Male) |
| 8:08 | Queue | Villager (Male) |
| 8:09 | Queue | Villager (Male) |
| 9:05 | Research | Feudal Age |
| 9:18 | Build | Mining Camp |
| 9:20 | Queue | Villager (Male) |
| 10:06 | Queue | Villager (Male) |
| 11:23 | Age | Feudal Age |
| 11:36 | Queue | Villager (Male) |
| 11:39 | Build | Market |
| 12:00 | Queue | Villager (Male) |
| 12:29 | Queue | Villager (Male) |
| 12:30 | Queue | Villager (Male) |
| 12:30 | Queue | Villager (Male) |
| 12:34 | Build | Blacksmith |
| 12:36 | Queue | Villager (Male) |
| 12:42 | Queue | Villager (Male) |
| 12:55 | Queue | Villager (Male) |
| 13:01 | Queue | Villager (Male) |
| 13:03 | Build | Farm |
| 13:04 | Build | Farm |
| 13:04 | Build | Farm |
| 13:04 | Build | Farm |
| 13:20 | Build | Farm |
| 13:33 | Queue | Villager (Male) |
| 14:05 | Build | Farm |
| 14:33 | Build | Watch Tower |
| 14:40 | Queue | Villager (Male) |
| 14:46 | Queue | Villager (Male) |
| 14:49 | Build | Farm |
| 14:53 | Build | Farm |
| 15:02 | Build | Stone Wall |
| 15:07 | Build | Stone Wall |
| 15:08 | Build | Stone Wall |
| 15:08 | Build | Stone Wall |
| 15:14 | Research | Wheelbarrow |
| 15:15 | Research | Wheelbarrow |
| 15:15 | Research | Wheelbarrow |
| 15:24 | Build | Gate |
| 16:33 | Research | Castle Age |
| 16:33 | Research | Castle Age |
| 16:33 | Research | Castle Age |
| 16:33 | Research | Castle Age |
| 16:48 | Research | Double-Bit Axe |
| 16:49 | Research | Double-Bit Axe |
| 16:49 | Research | Double-Bit Axe |
| 16:49 | Research | Double-Bit Axe |
| 17:20 | Build | Mining Camp |
| 17:26 | Research | Horse Collar |
| 17:27 | Research | Horse Collar |
| 17:28 | Build | Farm |
| 17:29 | Build | Farm |
| 17:36 | Build | Farm |
| 17:37 | Build | Farm |
| 18:00 | Build | House |
| 18:03 | Build | House |
| 18:19 | Research | Stone Mining |
| 18:19 | Research | Stone Mining |
| 18:32 | Research | Gold Mining |
| 18:32 | Research | Gold Mining |
| 18:44 | Build | House |
| 19:13 | Age | Castle Age |
| 19:30 | Build | Castle |
| 19:33 | Queue | Villager (Male) |
| 19:34 | Queue | Villager (Male) |
| 19:35 | Queue | Villager (Male) |
| 19:48 | Build | Monastery |
| 19:53 | Queue | Villager (Male) |
| 20:13 | Build | Town Center |
| 20:17 | Queue | Villager (Male) |
| 20:20 | Queue | Villager (Male) |
| 20:44 | Queue | Monk |
| 20:45 | Queue | Monk |
| 20:47 | Queue | Villager (Male) |
| 20:47 | Queue | Villager (Male) |
| 20:47 | Queue | Villager (Male) |
| 21:02 | Queue | Villager (Male) |
| 21:18 | Queue | Conquistador |
| 21:24 | Queue | Villager (Male) |
| 21:34 | Queue | Villager (Male) |
| 21:34 | Queue | Villager (Male) |
| 21:35 | Queue | Villager (Male) |
| 22:00 | Queue | Villager (Male) |
| 22:09 | Queue | Villager (Male) |
| 22:10 | Queue | Villager (Male) |
| 22:10 | Queue | Villager (Male) |
| 22:10 | Queue | Villager (Male) |
| 22:31 | Queue | Monk |
| 22:42 | Queue | Villager (Male) |
| 22:42 | Queue | Villager (Male) |
| 22:45 | Queue | Villager (Male) |
| 22:45 | Queue | Villager (Male) |
| 22:45 | Queue | Villager (Male) |
| 22:48 | Build | Farm |
| 22:48 | Build | Farm |
| 22:48 | Build | Farm |
| 22:49 | Build | Farm |
| 22:56 | Build | Town Center |
| 22:59 | Queue | Villager (Male) |
Match timeline
| 7:39 | whosyourmama · wall_segment Palisade Wall x1 |
| 8:37 | [TM] Goblin Wizard Bolton · first_building Barracks |
| 9:50 | [TM] Goblin Wizard Bolton · age_up feudal |
| 11:23 | whosyourmama · age_up feudal |
| 13:20 | [TM] Goblin Wizard Bolton · wall_segment Stone Wall x1 |
| 13:22 | [TM] Goblin Wizard Bolton · wall_segment Stone Wall x1 |
| 13:23 | [TM] Goblin Wizard Bolton · wall_segment Stone Wall x1 |
| 13:25 | [TM] Goblin Wizard Bolton · wall_segment Stone Wall x1 |
| 13:26 | [TM] Goblin Wizard Bolton · wall_segment Stone Wall x1 |
| 13:27 | [TM] Goblin Wizard Bolton · wall_segment Stone Wall x1 |
| 14:43 | whosyourmama · first_market_sell 100 stone |
| 15:02 | whosyourmama · wall_segment Stone Wall x13 |
| 15:07 | whosyourmama · wall_segment Stone Wall x4 |
| 15:08 | whosyourmama · wall_segment Stone Wall x1 |
| 15:08 | whosyourmama · wall_segment Stone Wall x1 |
| 15:42 | [TM] Goblin Wizard Bolton · wall_segment Stone Wall x1 |
| 16:27 | whosyourmama · first_market_buy 100 food |
| 17:56 | [TM] Goblin Wizard Bolton · first_building Stable |
| 18:55 | [TM] Goblin Wizard Bolton · first_market_sell 100 food |
| 19:13 | whosyourmama · age_up castle |
| 19:30 | whosyourmama · first_building Castle |
| 19:48 | whosyourmama · first_building Monastery |
| 21:36 | [TM] Goblin Wizard Bolton · age_up castle |
| 21:43 | [TM] Goblin Wizard Bolton · first_building Monastery |
| 26:05 | [TM] Goblin Wizard Bolton · first_market_buy 100 wood |
| 26:14 | [TM] Goblin Wizard Bolton · first_building Siege Workshop |
| 26:24 | whosyourmama · wall_segment Stone Wall x1 |
| 26:54 | [TM] Goblin Wizard Bolton · first_building Castle |
| 26:59 | [TM] Goblin Wizard Bolton · wall_segment Stone Wall x7 |
| 32:09 | whosyourmama · first_building Barracks |
| 32:56 | whosyourmama · age_up imperial |
| 33:31 | [TM] Goblin Wizard Bolton · age_up imperial |
| 34:25 | whosyourmama · first_building Stable |
| 39:18 | [TM] Goblin Wizard Bolton · resign |
[ AI ANALYSIS · 1 CREDIT ]
What really happened in this match?
Wolo.gg analyzes every decision: build order, eco, micro, common mistakes by bracket. Personalized analysis on WhatsApp or Discord in 30 seconds.
Civ guide
Bulgarians
Perfil
Jugador #628362